 Dungeon Crawl Stone Soup version 0.20-a0-277-g7db01f4 (webtiles) character file.

25302 junb69 the Carver (level 12, -2/112 HPs)
             Began as a Demigod Gladiator on Dec 11, 2016.
             Killed by divine providence
             ... invoked by an orc priest
             ... led by an orc knight
              (13 damage)
             ... on level 1 of the Orcish Mines.
             The game lasted 00:56:36 (20850 turns).

junb69 the Carver (Demigod Gladiator)              Turns: 20850, Time: 00:56:36

Health: -2/112     AC: 24    Str: 28    XL:     12   Next: 52%
Magic:  15/15      EV: 15    Int: 24    God:
Gold:   778        SH:  9    Dex: 24    Spells: 11/11 levels left

rFire  + . .     SeeInvis .     g - +4 demon blade of Kidgho Mihit {pain, *Rage Str+8}
rCold  + . .     Gourm    .     r - +3 chain mail "Roif" {*Slow rElec rPois Int+7}
rNeg   . . .     Faith    .     e - +0 buckler {rC+}
rPois  +         Spirit   .     B - +2 hat
rElec  +         Reflect  +     E - +1 cloak
rCorr  .         Harm     .     Q - +1 pair of gloves
MR     +....     Rnd*Rage +     (no boots)
Stlth  ..........               K - +3 amulet of reflection
                                H - ring of poison resistance
                                F - +5 ring of intelligence

@: exhausted, slowed, very slow
A: slimy green scales 1, thin metallic scales 1, agile 1, fire resistance 1,
high mp 1
a: no special abilities


You were on level 1 of the Orcish Mines.
You were not hungry.

You visited 3 branches of the dungeon, and saw 13 of its levels.
You also visited: Ice Cave.

You collected 1103 gold pieces.
You spent 325 gold pieces at shops.

Inventory:

Hand Weapons
 g - the +4 demon blade of Kidgho Mihit (weapon) {pain, *Rage Str+8}
   (You found it in an ice cave)

   In the hands of one skilled in necromantic magic, it inflicts extra damage on
   living creatures.
   It affects your strength (+8).
   It may make you go berserk in combat.
 h - a +0 blowgun
Missiles
 d - 5 throwing nets (quivered)
 I - 11 curare-tipped needles
Armour
 e - a +0 buckler of cold resistance (worn)
 r - the +3 chain mail "Roif" (worn) {*Slow rElec rPois Int+7}
   (You found it on level 9 of the Dungeon)

   It affects your intelligence (+7).
   It insulates you from electricity.
   It protects you from poison.
   It may slow you when you take damage.
 B - a +2 hat (worn)
 E - a +1 cloak (worn)
 Q - a +1 pair of gloves (worn)
Jewellery
 F - a +5 ring of intelligence (left hand)
 H - a ring of poison resistance (right hand)
 K - a +3 amulet of reflection (around neck)
Wands
 b - a wand of iceblast (8/15)
 p - a wand of lightning (3/15)
 y - a wand of disintegration (14/24)
 N - a wand of flame (27/48)
Scrolls
 a - 3 scrolls of recharging
 j - 4 scrolls of amnesia
 o - 3 scrolls of magic mapping
 x - 4 scrolls of remove curse
 A - a scroll of fog
Potions
 c - a potion of magic {unknown}
 i - a potion of resistance {unknown}
 l - a potion of invisibility {unknown}
 s - 2 potions of lignification
 u - a potion of heal wounds {unknown}
 v - a potion of flight
 w - a potion of cancellation {unknown}
 J - 3 potions of brilliance
 L - a potion of berserk rage {unknown}
Comestibles
 f - 8 bread rations
 n - 2 beef jerkies
 q - 6 meat rations
 O - 6 slices of pizza


   Skills:
 * Level 11.8 Fighting
 * Level 12.3 Long Blades
 - Level 1.7 Throwing
 - Level 7.6 Armour
 - Level 7.8 Dodging
 - Level 3.1 Shields


You had 11 spell levels left.
You didn't know any spells.

Dungeon Overview and Level Annotations

Branches:
Dungeon (11/15)              Lair (1/6) D:11            Orc (2/2) D:10
    Elf (0/3) Orc:2
 Temple: D:4-7

Shops:
D:9 =   Orc:1 }

Annotations:
D:3 junb69's ghost, amateur DgGl
D:6 FrancescoMac's ghost, novice MiFi
D:8 1 runed door, exclusions: great orb of eyes and 1 more exclusion
D:11 exclusion: 3 oklob plants, Zorot's ghost, journeyman MiCK
Orc:2 Kadarus's ghost, journeyman OgFi; Rupert; muxecoid's ghost, journeyman CeHu


Innate Abilities, Weirdness & Mutations

You have an increased reservoir of magic. (+10% MP)
You are partially covered in slimy green scales. (AC +2)
You are partially covered in thin metallic scales. (AC +2)
You are agile. (Dex +2)
Your flesh is heat resistant. (rF+)


Message History

Okay, then.
It was a potion of mutation.
You feel extremely strange.
You feel agile.
Thin metallic scales grow over part of your body.
You feel more encumbered by your armour.
The troll shouts!
The orc knight hits you with a broad axe!
* * * LOW HITPOINT WARNING * * *
You block the orc priest's attack. The troll barely misses you. x2
The troll claws you but does no damage. The orc knight barely misses you.
You riposte.
Your shield prevents you from hitting the orc knight.
The orc priest hits you but does no damage.
The troll barely misses you. You block the troll's attack.
The troll closely misses you.
The orc wizard gestures wildly while chanting.
The orc wizard flickers and vanishes!
The orc priest invokes the aid of Beogh against you.
Beogh smites you!
You die...

#.....####....#.## #..
#.....#.##(...##[# #####
##.#..........##[## #.###
#####...o...#[...### #....
###............#.###....
#####....{o..........##.....
##.##.....ooT..............#.
#.......#.......#.###....###.
##.#....####@#..### #..#####.
####...###.#.T...###....#.##
#.....#.......#..........
##........#..............
##......####......#.....
#.......##...#....#.....
##.##..#....###.........
####.##....##.......#..
##......###.....####


You could see an orc knight, 2 trolls, an orc priest and 2 orcs.

Vanquished Creatures
  An orc warlord (Orc:2)
  Erolcha (Orc:2)
  An orc high priest (Orc:2)
  Nergalle (D:10)
  An unseen horror (D:10)
  Pikel (D:7)
  2 hill giants
  4 orc knights
  2 ugly things
  2 orc sorcerers (Orc:2)
  A centaur zombie (D:10)
  Psyche (D:10)
  A spiny frog (Lair:1)
  2 ice statues (IceCv)
  2 gargoyles (D:10)
  7 ice devils (IceCv)
  2 trolls
  2 two-headed ogres
  Prince Ribbit (D:6)
  2 dream sheep (D:8)
  3 hippogriffs
  2 wyverns
  16 yaks
  3 wargs
  An acid dragon (D:11)
  22 orc warriors
  2 slaves (D:7)
  A sky beast (D:8)
  5 ogres
  2 black bears (D:11)
  A hornet zombie (D:11)
  5 ice beasts
  6 phantoms
  6 centaurs
  A crocodile (D:11)
  6 bullfrogs
  7 big kobolds
  5 gnoll sergeants
  4 scorpions
  2 water moccasin skeletons
  4 wights (D:11)
  4 killer bees (D:7)
  3 howler monkeys
  4 crimson imps
  A bullfrog zombie (D:7)
  4 hounds
  A centaur skeleton (D:9)
  2 jellies
  14 orc priests
  A gnoll shaman (D:7)
  13 orc wizards
  5 worker ants
  2 hound zombies
  2 hound skeletons
  A howler monkey zombie (D:6)
  13 gnolls
  13 adders
  4 shadow imps
  8 white imps (IceCv)
  6 ufetubi (IceCv)
  An adder skeleton (D:10)
  4 worms
  2 dart slugs
  2 leopard geckos
  64 orcs
  A ball python (D:2)
  9 giant cockroaches
  10 goblins
  10 hobgoblins
  16 jackals
  20 kobolds
  6 quokkas
  6 bats
  6 frilled lizards
  A quokka skeleton (D:9)
  6 rats
  A plant (D:11)
407 creatures vanquished.

Vanquished Creatures (others)
  A reaper (IceCv)
  2 slaves (D:7)
  2 centaurs
  A wight (D:7)
  4 white imps (IceCv)
  4 ufetubi (IceCv)
  2 orcs
  A plant (D:11)
17 creatures vanquished.

Grand Total: 424 creatures vanquished

Notes
Turn   | Place    | Note
-------+----------+-------------------------------------------
     0 | D:1      | junb69 the Demigod Gladiator began the quest for the Orb.
     0 | D:1      | Reached XP level 1. HP: 17/17 MP: 3/3
   112 | D:1      | Reached skill level 3 in Long Blades
   162 | D:1      | Reached XP level 2. HP: 18/24 MP: 4/4
   908 | D:2      | Reached XP level 3. HP: 22/30 MP: 5/5
  1459 | D:2      | Reached XP level 4. HP: 33/38 MP: 6/6
  1722 | D:3      | Noticed junb69's ghost (amateur DgGl)
  2150 | D:3      | Reached skill level 4 in Long Blades
  2663 | D:2      | Reached XP level 5. HP: 39/46 MP: 7/7
  2964 | D:3      | Found an iron altar of Okawaru.
  2990 | D:3      | Found a bloodstained altar of Trog.
  2990 | D:3      | Found an ancient bone altar of Kikubaaqudgha.
  2991 | D:3      | Found a hazy altar of Hepliaklqana.
  2991 | D:3      | Found a burning altar of Makhleb.
  2992 | D:3      | Found a deep blue altar of Sif Muna.
  3194 | D:4      | You fall through a shaft for 2 floors!
  3252 | D:6      | Noticed an ice beast
  3264 | D:6      | Killed an ice beast
  3264 | D:6      | Reached skill level 5 in Long Blades
  3264 | D:6      | Reached XP level 6. HP: 23/53 MP: 8/8
  3564 | D:6      | Noticed Prince Ribbit
  3630 | D:6      | Killed Prince Ribbit
  3630 | D:6      | Reached skill level 5 in Fighting
  3630 | D:6      | Reached XP level 7. HP: 46/61 MP: 9/9
  3856 | D:6      | Noticed FrancescoMac's ghost (novice MiFi)
  3895 | D:7      | Reached skill level 6 in Long Blades
  4881 | D:7      | Reached skill level 7 in Long Blades
  4885 | D:7      | Reached XP level 8. HP: 66/71 MP: 10/10
  5074 | D:7      | Noticed a hippogriff
  5084 | D:7      | Killed a hippogriff
  5224 | D:7      | Found a sparkling altar of Nemelex Xobeh.
  5754 | D:7      | Noticed Pikel
  5948 | D:7      | Killed Pikel
  5948 | D:7      | Reached skill level 8 in Long Blades
  6215 | D:8      | Reached XP level 9. HP: 80/81 MP: 11/11
  6355 | D:8      | Found an opulent altar of Gozag.
  6466 | D:8      | Reached skill level 9 in Long Blades
  6764 | D:8      | Found a runed door.
  6764 | D:8      | Noticed a great orb of eyes
  6764 | D:8      | Noticed a centaur warrior
  6765 | D:8      | Noticed a wolf spider
  6766 | D:8      | Noticed a deep elf archer
  6766 | D:8      | Noticed a centaur warrior
  6766 | D:8      | Noticed an ice dragon
  6766 | D:8      | Noticed a manticore
  6876 | D:8      | Reached skill level 5 in Dodging
  7128 | D:8      | Reached skill level 10 in Long Blades
  7546 | D:9      | Got an amethyst-encrusted chain mail
  7557 | D:9      | Identified the +3 chain mail "Roif" {*Slow rElec rPois Int+7} (You found it on level 9 of the Dungeon)
  7776 | D:9      | Reached skill level 1 in Armour
  7867 | D:9      | Reached XP level 10. HP: 73/88 MP: 13/13
  8463 | D:9      | Found Xeumaon's Jewellery Boutique.
  8473 | D:9      | Bought a +3 amulet of reflection for 325 gold pieces
  8756 | D:10     | Entered Level 10 of the Dungeon
  8778 | D:10     | Noticed Nergalle
  8816 | D:10     | Killed Nergalle
 10062 | D:8      | Reached skill level 5 in Armour
 10192 | D:8      | Gained mutation: Your movements are slightly less encumbered by armour. (ER -2) [mutagenic meat]
 10193 | D:8      | Gained mutation: Your flesh is heat resistant. (rF+) [mutagenic meat]
 10194 | D:8      | Gained mutation: You are partially covered in slimy green scales. (AC +2) [mutagenic meat]
 10233 | D:10     | Noticed Psyche
 10497 | D:10     | Noticed a hill giant
 10526 | D:10     | Reached skill level 1 in Shields
 10579 | D:10     | Killed a hill giant
 10828 | D:10     | Killed Psyche
 10948 | D:10     | Noticed a green ugly thing
 10949 | D:10     | Reached XP level 11. HP: 46/94 MP: 14/14
 11863 | D:10     | Found a staircase to the Orcish Mines.
 12030 | D:11     | Noticed Zorot's ghost (journeyman MiCK)
 13512 | D:11     | Found a staircase to the Lair.
 14273 | D:11     | Noticed a hill giant
 14285 | D:11     | Killed a hill giant
 14818 | Lair:1   | Entered Level 1 of the Lair of Beasts
 14952 | Lair:1   | Noticed a seven-headed hydra
 15131 | D:10     | Killed an unseen horror
 15209 | Orc:1    | Entered Level 1 of the Orcish Mines
 15211 | Orc:1    | Noticed an orc knight
 15223 | D:10     | Reached skill level 10 in Fighting
 15289 | Orc:1    | Killed an orc knight
 15591 | Orc:1    | Found Fogismef's Quality Used Wands.
 15597 | Orc:1    | Noticed an orc knight
 15650 | Orc:1    | Killed an orc knight
 16089 | Orc:1    | Reached skill level 11 in Long Blades
 16180 | Orc:2    | Entered Level 2 of the Orcish Mines
 16180 | Orc:2    | Found a frozen archway.
 16195 | IceCv    | Entered an ice cave
 17159 | IceCv    | Reached XP level 12. HP: 70/108 MP: 15/15
 17319 | IceCv    | Killed a reaper
 17790 | IceCv    | Got a translucent demon blade
 17791 | IceCv    | Identified the +4 demon blade of Kidgho Mihit {pain, *Rage Str+8} (You found it in an ice cave)
 17928 | Orc:2    | Noticed Rupert
 18040 | Orc:2    | Noticed muxecoid's ghost (journeyman CeHu)
 18059 | Orc:2    | Found a staircase to the Elven Halls.
 18309 | Orc:2    | Noticed Erolcha
 18546 | Orc:2    | Killed Erolcha
 18652 | Orc:2    | Noticed an orc warlord
 19049 | Orc:2    | Reached skill level 12 in Long Blades
 19237 | Orc:2    | Killed an orc warlord
 19479 | Orc:2    | Noticed Kadarus's ghost (journeyman OgFi)
 19866 | Orc:2    | HP: 5/111 [Kadarus's ghost (25)]
 20848 | Orc:1    | Gained mutation: You are agile. (Dex +2) [potion of mutation]
 20848 | Orc:1    | Gained mutation: You are partially covered in thin metallic scales. (AC +2) [potion of mutation]
 20848 | Orc:1    | Lost mutation: Your movements are slightly less encumbered by armour. (ER -2) [potion of mutation]
 20850 | Orc:1    | Killed from afar by an orc priest

Vault maps used:
D:1:      evilmike_arrival_rings, hangedman_abyss_or_decor_stabs
D:2:      first_bread
D:3:      grunt_temple_overflow_open
D:4:      uniq_robin
D:6:      gammafunk_temple_overflow_statue, minivault_4, uniq_prince_ribbit1
D:7:      old_standard_altar, uniq_pikel
D:8:      minmay_gate_of_8, lemuel_round_altar, hangedman_ranch
D:9:      serial_shops, nicolae_shop_stone, roderic_curled_sauvastika
D:10:     kennysheep_orc_monster_closet_entryway, uniq_gastronok, uniq_psyche,
          uniq_nergalle
D:11:     dpeg_oklobed_lair
Lair:1:   uniq_grum, uniq_harold
Orc:1:    nicolae_for_you_no_charge
Orc:2:    st_orc_elflike, portal_ice_cave_entry_pillars_1, uniq_rupert,
          uniq_erolcha
IceCv:    ice_cave_small_demon

Skill      XL: |  1  2  3  4  5  6  7  8  9 10 11 12 |
---------------+-------------------------------------+-----
Fighting       | 2 3 4 5 6 8 10 11 | 11.8
Long Blades    | 3 4 5 7 8 10 11 12 | 12.3
Dodging        | 6 7 |  7.8
Armour         | 1 6 7 |  7.6
Shields        | 3 |  3.1
Throwing       | |  1.7

Action                   |  1- 3 |  4- 6 |  7- 9 | 10-12 || total
-------------------------+-------+-------+-------+-------++-------
Melee: Long sword        |    72 |    78 |   369 |   541 ||  1060
       Dagger            |    39 |   124 |    12 |       ||   175
       Scimitar          |       |       |       |   637 ||   637
       Demon blade       |       |       |       |   173 ||   173
 Fire: Blowgun           |       |       |     5 |     7 ||    12
Evoke: Wand              |       |     5 |     2 |     3 ||    10
  Use: Scroll            |       |     7 |    10 |    19 ||    36
       Potion            |       |       |     2 |    11 ||    13
 Stab: Distracted        |       |       |     1 |       ||     1
       Invisible         |       |       |       |     5 ||     5
  Eat: Chunk             |     2 |     7 |    10 |    28 ||    47
       Beef jerky        |       |       |     1 |       ||     1
       Royal jelly       |       |       |     1 |       ||     1
       Fruit             |       |       |       |    16 ||    16
       Meat ration       |       |       |       |     1 ||     1
Armor: Leather armour    |    39 |    37 |       |       ||    76
       Ring mail         |       |    19 |   113 |       ||   132
       Chain mail        |       |       |     8 |   520 ||   528
       Skin              |       |       |       |    38 ||    38
Dodge: Dodged            |    88 |   180 |   239 |   557 ||  1064
Block: Buckler           |       |       |       |   488 ||   488
       Reflection        |       |       |       |    22 ||    22
       Rpst.: Long sword |    20 |    35 |    73 |    51 ||   179
       Scimitar          |       |       |       |    66 ||    66
       Demon blade       |       |       |       |    25 ||    25
